 Dungeon Crawl Stone Soup version bcrawl-1.37.2 (webtiles) character file.

Game seed: 7926672668558175108

291683 Mehrunes the Fighter (level 14, -3/113 HPs)
             Began as a Mummy Fire Elementalist on Oct 31, 2022.
             Was a High Priest of Vehumet.
             Killed by divine providence
             ... invoked by Grum
              (10 damage)
             ... on level 6 of the Lair of Beasts on Nov 1, 2022.
             The game lasted 01:21:22 (28588 turns).

Mehrunes the Fighter (Mummy Fire Elementalist)     Turns: 28588, Time: 01:21:22

Health: -3/113     AC: 11    Str: 12    XL:     14   Next: 4%
Magic:  19/27      EV: 17    Int: 18    God:    Vehumet [*****.]
Gold:   1327       SH:  0    Dex: 13    Spells: 2/31 levels left

rFire    + + .     GDR:     25% N - +3 scimitar (flame)
rCold    + + +     SeeInvis .   (no shield)
rNeg     + + +     Gourm    .   I - +2 robe {rC+ rF+}
rPois    ∞         Faith    .   g - +2 helmet
rElec    .         Spirit   .   k - scarf {rC+ rF+}
rCorr    .         Reflect  .   q - +2 pair of gloves
MR       +....     Clarity  +   t - +0 pair of boots
Stlth    +.........             e - amulet of the acrobat
HPRegen  0.28/turn              D - ring of protection from fire
MPRegen  0.20/turn              H - ring of protection from cold

@: about to teleport, very slightly contaminated, very slow
A: no food or potions, fire vulnerability, clarity, cold resistance 1, negative
energy resistance 3, torment resistance, unbreathing, strong hexes 1
a: Renounce Religion


You were on level 6 of the Lair of Beasts.
You worshipped Vehumet.
Vehumet was extremely pleased with you.
You were not hungry.

You visited 3 branches of the dungeon, and saw 18 of its levels.
You also visited: Volcano.

You collected 1327 gold pieces.

Inventory:

Hand Weapons
 f - a +0 short sword
 l - a +0 blowgun
 p - a +0 hunting sling of flaming
 v - a +0 long sword
 x - a +0 quarterstaff
 N - a +3 scimitar of flaming (weapon)
Missiles
 d - 3956 stones (quivered)
 m - 526 poisoned needles
 r - 308 poisoned tomahawks
Armour
 g - a +2 helmet (worn)
 k - a scarf of resistance (worn)
 n - the cursed +0 plate armour of Radocopn {rC+, unknown}
   (You found it on level 2 of the Lair of Beasts)

   It protects you from cold.
   It has a curse placed upon it.
 q - a +2 pair of gloves (worn)
 t - a +0 pair of boots (worn)
 E - a +1 leather armour of magic resistance
 I - a +2 robe of resistance (worn)
 K - a +0 medium shield of protection
Jewellery
 e - an amulet of the acrobat (around neck)
 D - a ring of protection from fire (left hand)
 G - an uncursed ring of see invisible
 H - a ring of protection from cold (right hand)
Wands
 a - a wand of clouds (5)
 c - a wand of flame (39)
 B - a wand of paralysis (19)
 C - a wand of acid (1)
 F - a wand of digging (10)
 J - a wand of charming (12)
 M - a wand of polymorph (9)
Scrolls
 b - a scroll of magic mapping
 h - 3 scrolls of teleportation
 i - 3 scrolls of identify
 j - 3 scrolls of remove curse
 o - 4 scrolls of noise
 s - a scroll of fog
 w - a scroll of torment
 y - 3 scrolls of amnesia
 z - 2 scrolls of immolation
 A - 3 scrolls of enchant weapon
 O - a scroll of fear {unknown}
Miscellaneous
 L - a lightning rod (4/4)


   Skills:
 + Level 11.5 Fighting
 - Level 10.0 Dodging
 - Level 2.1 Stealth
 - Level 3.4 Shields
 - Level 9.0 Spellcasting
 - Level 10.0 Conjurations
 - Level 4.0 Necromancy
 - Level 10.0 Fire Magic


You had 2 spell levels left.
You knew the following spells:

 Your Spells              Type           Power        Failure   Level  Hunger
a - Flame Tongue          Conj/Fire      #####        1%          1    N/A
b - Conjure Flame         Conj/Fire      #####...     1%          3    N/A
c - Sticky Flame          Conj/Fire      #####...     1%          4    N/A
d - Fireball              Conj/Fire      #####.....   1%          5    N/A
e - Sting                 Conj/Pois      ####         1%          1    N/A
f - Searing Ray           Conj           #####...     1%          2    N/A
g - Stone Arrow           Conj/Erth      ####..       1%          3    N/A
h - Vampiric Draining     Necr           ###.......   4%          3    N/A
i - Passwall              Tmut/Erth      #.......     13%         2    N/A
j - Bolt of Draining      Conj/Necr      ####......   4%          5    N/A

Your spell library contained the following spells:

 Spells                   Type           Power        Failure   Level  Hunger
 Conjure Ball Lightning   Conj/Air       ####......   38%         6    N/A
 Necrotize                Necr           ###...       1%          1    N/A
 Flaming Arrows           Chrm/Fire      ####....     1%          2    N/A
 Sandblast                Erth           #.....       2%          1    N/A
 Apportation              Tloc           #.....       9%          1    N/A
 Blink Other              Tloc           #.....       9%          1    N/A
 Corona                   Hex            ##.....      9%          1    N/A
 Summon Small Mammal      Summ           #...         9%          1    N/A
 Blink                    Tloc           N/A          13%         2    N/A
 Call Imp                 Summ           #.....       13%         2    N/A
 Poisonous Vapours        Pois/Air       #.....       13%         2    N/A
 Shackle                  Hex            ##......     13%         2    N/A
 Inner Flame              Hex/Fire       N/A          1%          3    N/A
 Mephitic Cloud           Conj/Pois/Air  ###.....     1%          3    N/A
 Dazzling Orbs            Conj/Hex       #####..      3%          3    N/A
 Agony                    Necr           ###.....     17%         4    N/A
 Animate Dead             Necr           N/A          17%         4    N/A
 Yara's Violent Unravell  Hex/Tmut       ##........   22%         4    N/A
 Call Canine Familiar     Summ           #.......     26%         3    N/A
 Confuse                  Hex            ##......     26%         3    N/A
 False Image              Hex/Summ       ##......     26%         3    N/A
 Portal Projectile        Tloc           #.....       26%         3    N/A
 Teleport Other           Tloc           #.......     26%         3    N/A
 Steam Barrier            Chrm/Fire      ####......   30%         5    N/A
 Dispel Undead            Necr           ###.....     43%         5    N/A
 Freezing Cloud           Ice/Air        #.......     52%         5    N/A
 Lee's Rapid Deconstruct  Erth           #.........   52%         5    N/A
 Cause Fear               Hex            ##........   65%         4    N/A
 Petrify                  Tmut/Erth      #.........   65%         4    N/A
 Summon Ice Beast         Ice/Summ       #.......     65%         4    N/A
 Passage of Golubria      Tloc           N/A          94%         5    N/A
 Silence                  Hex/Air        ##........   94%         5    N/A
 Summon Lightning Spire   Summ/Air       #.......     94%         5    N/A

Dungeon Overview and Level Annotations

Branches:
Dungeon (11/12)            Temple (1/1) D:5            Lair (6/6) D:8
  Snake (0/3) Lair:3       Spider (0/3) Lair:3        Slime (0/5) Lair:5
    Orc (0/1) D:10
 Vaults: D:11-12

Altars:
Ashenzari
Cheibriados
Dithmenos
Gozag
Hepliaklqana
Kikubaaqudgha
Lugonu
Makhleb
Nemelex Xobeh
Okawaru
Qazlal
Ru
Sif Muna
Trog
Uskayaw
Vehumet
Wu Jian
Xom
Yredelemnul
Jiyva

Shops:
D:2 *   D:6 [   D:7 =

Annotations:
Lair:4 1 runed translucent door, Murgh's ghost, journeyman MiBe
Lair:6 Grum


Innate Abilities, Weirdness & Mutations

You do not eat or drink.
Your flesh is vulnerable to fire.
You are immune to poison.
You possess an exceptional clarity of mind.
Your flesh is cold resistant. (rC+)
You are immune to negative energy. (rN+++)
You are immune to unholy pain and torment.
You can survive without breathing.
Your hexes are more powerful.


Message History

Grum the Hunter comes into view.
He is wielding a -2 spear.
Grum growls angrily.
You hear a trumpeting!
A wolf comes into view. x2; A water moccasin comes into view.
The crocodile completely misses you.
The water moccasin completely misses you.
An elephant comes into view.
A crocodile comes into view.
As you read the scroll of teleportation, it crumbles to dust.
You feel strangely unstable.
The crocodile bites you but does no damage.
Grum closely misses you. The water moccasin bites you!
* * * LOW HITPOINT WARNING * * *
As you read the scroll of fog, it crumbles to dust.
The scroll dissolves into smoke.
The wolf splashes around in the water.
The water moccasin bites you.
* * * LOW HITPOINT WARNING * * *
The crocodile misses you.
Grum points at you and mumbles some strange words.
Something smites you!
You die...

. . #≈P ≈P#. . #≈≈
.P.#. # ≈ #≈P
≈..... # ≈≈ #≈P
...... # ≈≈≈ #≈≈
#...... # ≈≈≈≈
#≈§#Y......
#####≈≈≈≈#
#§t§§h..h..
#8≈≈≈≈≈≈≈≈
#§§@§g.....
#≈≈≈≈≈88≈≈≈
#≈hS#h.....
#≈≈l≈≈≈≈≈≈ ≈≈#≈≈y#
.....
..≈.H#≈≈.##≈##≈≈≈≈
....
≈DP≈≈≈≈≈≈≈≈≈≈≈≈≈≈P
...
##≈≈..≈≈..≈≈##P≈##≈
.. ##≈≈#.S≈#.≈≈##≈≈
≈ . ........
...≈≈^.≈≈≈≈..t≈≈ ..
........
..............
........


You could see an elephant, Grum, a hornet, a water moccasin, 2 crocodiles and 3
wolves.

Vanquished Creatures
  3 hydras
  Erica (D:8)
  An anaconda (Lair:5)
  A two-headed ogre (D:9)
  A queen ant (Lair:2)
  A sea snake (Lair:6)
  A tengu warrior (D:11)
  A wolf spider zombie (D:10)
  A harpy (Lair:6)
  An ugly thing (D:11)
  12 elephants
  A guardian serpent (Lair:3)
  2 black mambas
  Joseph (D:8)
  6 cane toads
  A rime drake (Lair:4)
  3 efreet
  A jumping spider (Lair:3)
  5 komodo dragons
  A queen bee (Lair:3)
  5 trolls
  Grinder (D:3)
  Maurice (D:10)
  A polar bear (Lair:4)
  5 dream sheep (Lair:5)
  A meliai zombie (D:11)
  4 harpy skeletons
  15 hippogriffs
  4 slime creatures
  8 blink frogs
  A shadow (D:11)
  A vampire (D:10)
  3 wyverns
  55 yaks
  A steam dragon (Lair:3)
  3 basilisks
  3 hogs (D:7)
  A human (D:7)
  A hungry ghost (D:9)
  Menkaure (D:7)
  13 crocodiles
  2 porcupines
  9 water moccasins
  4 orc warriors
  7 soldier ants (Lair:2)
  An ice beast (D:9)
  3 phantoms
  3 sky beasts
  A black bear (D:8)
  10 wolves
  6 ogres
  11 bullfrogs
  3 kobold brigands
  A gnoll sergeant (D:9)
  2 earth elementals (Volcano)
  A wyvern zombie (D:7)
  3 centaurs
  4 scorpions
  24 killer bees
  A wight (D:6)
  8 orc priests
  7 howler monkeys
  7 jellies
  6 crimson imps
  A bullfrog zombie (D:5)
  3 hounds
  6 iguanas
  12 orc wizards
  20 worker ants
  A killer bee zombie (D:7)
  A hound zombie (D:9)
  2 hound skeletons
  Robin (D:2)
  28 gnolls
  3 worker ant zombies
  13 adders
  2 howler monkey skeletons
  2 river rats (Lair:3)
  A shadow imp (D:7)
  4 adder skeletons
  3 worms
  4 dart slugs
  4 leopard geckos
  20 orcs
  3 bats
  A giant cockroach (D:1)
  14 goblins
  12 hobgoblins
  4 jackals (D:6)
  23 kobolds
  A quokka (D:6)
  2 ball pythons (D:2)
  2 frilled lizards
  A quokka zombie (D:5)
  8 rats
  A fungus (Lair:5)
500 creatures vanquished.

Vanquished Creatures (others)
  A killer bee (Lair:3)
  64 fungi
  72 plants
137 creatures vanquished.

Grand Total: 637 creatures vanquished

Notes
Turn   | Place    | Note
-------+----------+-------------------------------------------
     0 | D:1      | Mehrunes the Mummy Fire Elementalist began the quest for
                  | the Orb.
     0 | D:1      | Reached XP level 1. HP: 13/13 MP: 4/4
    75 | D:1      | Reached skill level 1 in Conjurations
   299 | D:1      | Reached XP level 2. HP: 19/19 MP: 3/6
  1022 | D:2      | Noticed Robin
  1056 | D:2      | Killed Robin
  1057 | D:2      | Reached XP level 3. HP: 24/24 MP: 4/7
  1292 | D:2      | Found a sparkling altar of Nemelex Xobeh.
  1350 | D:2      | Found an iron altar of Okawaru.
  1422 | D:2      | Reached XP level 4. HP: 15/30 MP: 3/9
  1603 | D:2      | Learned a level 3 spell: Conjure Flame
  1608 | D:2      | Learned a level 4 spell: Sticky Flame
  1760 | D:2      | Found Zin's Purification Station.
  1766 | D:2      | Found a glowing silver altar of Zin.
  2245 | D:3      | Noticed Grinder
  2259 | D:3      | Paralysed by Grinder for 3 turns
  2350 | D:3      | Reached XP level 5. HP: 35/35 MP: 8/11
  2546 | D:3      | Killed Grinder
  2547 | D:3      | Reached XP level 6. HP: 31/41 MP: 5/12
  4145 | D:4      | Reached XP level 7. HP: 46/46 MP: 5/13
  4219 | D:4      | Reached skill level 5 in Fire Magic
  5242 | D:5      | Entered Level 5 of the Dungeon
  5243 | D:5      | Found a burning altar of Makhleb.
  5263 | D:5      | Reached skill level 5 in Conjurations
  5557 | D:5      | Reached XP level 8. HP: 43/52 MP: 3/14
  5856 | D:5      | Found a staircase to the Ecumenical Temple.
  5860 | Temple   | Entered the Ecumenical Temple
  5949 | Temple   | Became a worshipper of Vehumet
  6893 | D:6      | Found Leihusk's Armour Boutique.
  8196 | D:6      | Found a shimmering altar of Xom.
  8463 | D:6      | Reached * piety under Vehumet
  8463 | D:6      | Offered knowledge of Sting by Vehumet.
  8637 | D:6      | Learned a level 5 spell: Fireball
  8639 | D:6      | Learned a level 1 spell: Sting
  8675 | D:7      | Reached skill level 5 in Dodging
  8741 | D:7      | Found Ajamai's Jewellery Boutique.
  8747 | D:7      | Reached XP level 9. HP: 55/57 MP: 3/15
  9270 | D:7      | Noticed Menkaure
  9356 | D:7      | Killed Menkaure
  9564 | D:7      | Found a snail-covered altar of Cheibriados.
 10110 | D:7      | Offered knowledge of Magic Dart by Vehumet.
 10645 | D:8      | Noticed a troll
 10725 | D:8      | Noticed a troll
 10914 | D:7      | Killed a troll
 10915 | D:7      | Reached XP level 10. HP: 56/63 MP: 8/16
 11014 | D:7      | Reached ** piety under Vehumet
 11188 | D:8      | Found an ancient bone altar of Kikubaaqudgha.
 11223 | D:8      | Found a sparkling altar of Nemelex Xobeh.
 11571 | D:8      | Noticed Joseph
 11588 | D:8      | Killed Joseph
 11933 | D:8      | Noticed Erica
 11979 | D:8      | Reached skill level 10 in Dodging
 11984 | D:8      | Reached skill level 1 in Fighting
 12010 | D:8      | Reached skill level 2 in Fighting
 12096 | D:8      | Found a white marble altar of Elyvilon.
 12109 | D:8      | Reached skill level 3 in Fighting
 12258 | D:8      | Reached skill level 4 in Fighting
 12505 | D:8      | Found a staircase to the Lair.
 12758 | D:9      | Reached skill level 5 in Fighting
 12949 | D:9      | Offered knowledge of Searing Ray by Vehumet.
 13045 | D:8      | Learned a level 2 spell: Searing Ray
 13192 | D:9      | Reached skill level 6 in Fighting
 13398 | D:9      | Noticed a two-headed ogre
 13466 | D:9      | Killed a two-headed ogre
 13467 | D:9      | Reached skill level 7 in Fighting
 13467 | D:9      | Reached XP level 11. HP: 84/84 MP: 1/17
 14013 | D:9      | Reached *** piety under Vehumet
 14280 | D:10     | Entered Level 10 of the Dungeon
 14292 | D:10     | Reached skill level 8 in Fighting
 14505 | D:10     | Noticed Maurice
 14602 | D:10     | Killed Maurice
 14651 | D:10     | Found a staircase to the Orcish Mines.
 14682 | D:9      | Reached skill level 9 in Fighting
 14851 | D:10     | Offered knowledge of Throw Icicle by Vehumet.
 15633 | D:10     | Reached skill level 5 in Spellcasting
 15889 | D:10     | Reached **** piety under Vehumet
 15890 | D:10     | Reached skill level 10 in Fighting
 16537 | D:11     | Noticed a brown ugly thing
 16561 | D:11     | Killed a brown ugly thing
 16952 | D:11     | Noticed a tengu warrior
 16970 | D:11     | Killed a tengu warrior
 17160 | D:11     | Offered knowledge of Stone Arrow by Vehumet.
 17161 | D:11     | Reached XP level 12. HP: 76/97 MP: 14/22
 17165 | D:11     | Learned a level 3 spell: Stone Arrow
 17484 | Lair:1   | Entered Level 1 of the Lair of Beasts
 17526 | D:8      | Found a white marble altar of Elyvilon.
 17647 | D:8      | Killed Erica
 18198 | D:8      | Found an ancient bone altar of Kikubaaqudgha.
 18230 | D:8      | Found a sparkling altar of Nemelex Xobeh.
 19978 | Lair:2   | Learned a level 3 spell: Vampiric Draining
 19981 | Lair:2   | Learned a level 2 spell: Passwall
 19990 | Lair:2   | Got a buzzing plate armour
 20095 | Lair:1   | Reached skill level 1 in Necromancy
 20224 | Lair:2   | Noticed a queen ant
 20387 | Lair:2   | Killed a queen ant
 22145 | Lair:3   | Reached ***** piety under Vehumet
 22178 | Lair:3   | Offered knowledge of Bolt of Draining by Vehumet.
 22519 | Lair:3   | Reached XP level 13. HP: 97/103 MP: 18/25
 22616 | Lair:3   | Found a dark tunnel.
 22621 | Volcano  | Entered a volcano
 23218 | Lair:3   | Found a staircase to the Snake Pit.
 23907 | Lair:3   | Found a hole to the Spider Nest.
 24424 | Lair:2   | Learned a level 5 spell: Bolt of Draining
 24762 | Lair:3   | Found a staircase to the Snake Pit.
 25146 | Lair:3   | Found a hole to the Spider Nest.
 25900 | Lair:4   | Noticed Murgh's ghost (journeyman MiBe)
 25901 | Lair:4   | Found a runed translucent door.
 26034 | Lair:4   | Reached skill level 10 in Conjurations
 26034 | Lair:4   | Reached skill level 10 in Fire Magic
 26043 | Lair:4   | Reached skill level 1 in Shields
 26635 | Lair:4   | Found a sparkling altar of Nemelex Xobeh.
 27606 | Lair:5   | Reached skill level 11 in Fighting
 27972 | Lair:5   | Found a viscous altar of Jiyva.
 27972 | Lair:5   | Found a staircase to the Slime Pits.
 28070 | Lair:5   | Offered knowledge of Conjure Ball Lightning by Vehumet.
 28490 | Lair:6   | Entered Level 6 of the Lair of Beasts
 28523 | Lair:6   | Reached XP level 14. HP: 48/113 MP: 13/27
 28586 | Lair:6   | Noticed Grum
 28588 | Lair:6   | Killed from afar by Grum

Skill      XL: |  1  2  3  4  5  6  7  8  9 10 11 12 13 |
---------------+----------------------------------------+-----
Conjurations   | 1 2 3 4 5 6 8 10 | 10.0
Spellcasting   | 3 4 7 8 9 |  9.0
Fire Magic     | 3 4 5 6 8 10 | 10.0
Dodging        | 5 9 10 | 10.0
Fighting       | 7 10 11 | 11.5
Necromancy     | 4 |  4.0
Shields        | 3 |  3.4
Stealth        | |  2.1

Action                   |  1- 3 |  4- 6 |  7- 9 | 10-12 | 13-15 || total
-------------------------+-------+-------+-------+-------+-------++-------
Melee: Unarmed           |     4 |       |       |       |       ||     4
       Short sword       |       |    64 |    42 |       |       ||   106
       Long sword        |       |       |    24 |       |       ||    24
       Quarterstaff      |       |       |    73 |    18 |       ||    91
       Scimitar          |       |       |       |    65 |    36 ||   101
 Fire: Blowgun           |       |    12 |     4 |     6 |       ||    22
       Hunting sling     |       |    10 |       |       |       ||    10
 Cast: Flame Tongue      |    66 |   103 |   292 |   495 |   227 ||  1183
       Conjure Flame     |       |     3 |    14 |    36 |     4 ||    57
       Sticky Flame      |       |     1 |    18 |   145 |    69 ||   233
       Fireball          |       |       |     2 |    13 |    11 ||    26
       Sting             |       |       |    32 |     4 |     1 ||    37
       Vampiric Draining |       |       |       |     6 |     1 ||     7
       Searing Ray       |       |       |       |     4 |    23 ||    27
       Bolt of Draining  |       |       |       |       |    27 ||    27
       Stone Arrow       |       |       |       |       |     2 ||     2
Evoke: Wand              |       |     1 |     6 |       |     2 ||     9
  Use: Scroll            |       |     1 |       |    15 |    14 ||    30
Armor: Robe              |     7 |    17 |    58 |    64 |    74 ||   220
       Troll leather arm |       |       |       |    14 |       ||    14
Dodge: Dodged            |    28 |    63 |   242 |   538 |   344 ||  1215
